 Dungeon Crawl Stone Soup version 0.23.1 (webtiles) character file.

Game seed: 0

22810 1994 the Thaumaturge (level 12, -7/74 HPs)
             Began as a Mummy Necromancer on Mar 11, 2019.
             Was an Elder of Kikubaaqudgha.
             Killed by divine providence
             ... invoked by a meliai
              (15 damage)
             ... on level 6 of the Lair of Beasts.
             The game lasted 01:29:43 (17348 turns).

1994 the Thaumaturge (Mummy Necromancer)           Turns: 17348, Time: 01:29:47

Health: -7/74      AC: 11    Str: 13    XL:     12   Next: 66%
Magic:  39/39      EV: 16    Int: 24    God:    Kikubaaqudgha [****..]
Gold:   621        SH:  4    Dex: 12    Spells: 6/39 levels left

rFire    . . .     SeeInvis +   t - +6 dagger of Zueqorr {protect, Int+6}
rCold    . . .     Gourm    .   (no shield)
rNeg     + + +     Faith    .   l - +0 leather armour (curse)
rPois    ∞         Spirit   .   r - +2 helmet "Nacukoit" {*Drain +Inv rPois}
rElec    .         Reflect  +   A - +1 cloak
rCorr    .         Harm     .   f - +0 pair of gloves
MR       +++..                  h - +1 pair of boots
Stlth    +++.......             m - +4 amulet of reflection
HPRegen  0.22/turn              v - ring of Hoiseepuj {MR++ MP+9 SInv Stlth+}
MPRegen  0.26/turn              H - ring of fire

@: death channel
A: no food or potions, fire vulnerability, cold resistance 1, negative energy
resistance 3, torment resistance, unbreathing
a: Receive Corpses, Renounce Religion, Evoke Invisibility


You were on level 6 of the Lair of Beasts.
You worshipped Kikubaaqudgha.
Kikubaaqudgha was greatly pleased with you.
You were not hungry.

You visited 3 branches of the dungeon, and saw 16 of its levels.
You also visited: Bailey.

You collected 1045 gold pieces.
You spent 424 gold pieces at shops.

Inventory:

Hand Weapons
 c - a +3 whip of electrocution
 n - a +2 dagger of venom
 t - the +6 dagger of Zueqorr (weapon) {protect, Int+6}
   (You found it on level 7 of the Dungeon)

   It protects the one who uses it against injury (+AC on strike).
   It affects your intelligence (+6).
Armour
 a - a +2 robe of magic resistance
 f - a +0 pair of gloves (worn)
 h - a +1 pair of boots (worn)
 j - a +0 ring mail
 l - a cursed +0 leather armour (worn)
 r - the +2 helmet "Nacukoit" (worn) {*Drain +Inv rPois}
   (You found it in a bailey)

   It protects you from poison.
   It lets you turn invisible.
   It causes draining when unequipped.
 A - a +1 cloak (worn)
Magical Staves
 b - an uncursed staff of air
 u - an uncursed staff of death
 I - an uncursed staff of energy
Jewellery
 m - a +4 amulet of reflection (around neck)
 v - the ring of Hoiseepuj (left hand) {MR++ MP+9 SInv Stlth+}
   (You bought it in a shop on level 6 of the Dungeon)

   [ring of magical power]

   It affects your resistance to hostile enchantments.
   It affects your magic capacity (+9).
   It lets you see invisible.
   It makes you more stealthy.
 H - a ring of fire (right hand)
Wands
 k - a wand of polymorph (26)
 o - a wand of digging (7)
 q - a wand of acid (3)
 y - a wand of clouds (4)
 z - a wand of paralysis (6)
 E - a wand of iceblast (4)
 F - a wand of flame (10)
Scrolls
 d - a scroll of enchant weapon
 e - 13 scrolls of identify
 g - 15 scrolls of remove curse
 i - 7 scrolls of teleportation
 p - 2 scrolls of blinking
 s - 2 scrolls of brand weapon
 w - a scroll of fog
 x - a scroll of enchant armour
 B - 3 scrolls of magic mapping
 C - 4 scrolls of amnesia
 D - 2 scrolls of fear
 G - a scroll of vulnerability


   Skills:
 * Level 9.7 Dodging
 - Level 2.0 Stealth
 * Level 14.0 Spellcasting
 * Level 12.5 Necromancy
 * Level 4.3 Ice Magic
 - Level 2.0 Earth Magic
 + Level 1.5 Evocations


You had 6 spell levels left.
You knew the following spells:

 Your Spells              Type           Power        Failure   Level  Hunger
a - Pain                  Necr           ####         1%          1    N/A
b - Animate Skeleton      Necr           N/A          1%          1    N/A
c - Vampiric Draining     Necr           ######....   1%          3    N/A
d - Animate Dead          Necr           N/A          1%          4    N/A
e - Corpse Rot            Necr           N/A          1%          2    N/A
f - Dispel Undead         Necr           ######..     1%          5    N/A
g - Borgnjor's Vile Clut  Necr/Erth      ######....   6%          5    N/A
h - Simulacrum            Ice/Necr       ######....   22%         6    N/A
i - Death Channel         Necr           ######....   4%          6    N/A

Your spell library contained the following spells:

 Spells                   Type           Power        Failure   Level  Hunger
 Ensorcelled Hibernation  Hex/Ice        ####..       2%          2    N/A
 Corona                   Hex            ###....      4%          1    N/A
 Confuse                  Hex            ###.....     13%         3    N/A
 Dazzling Spray           Conj/Hex       ###...       13%         3    N/A
 Tukima's Dance           Hex            ###.....     13%         3    N/A
 Regeneration             Chrm/Necr      Unusable     N/A         3    N/A

Dungeon Overview and Level Annotations

Branches:
Dungeon (9/15)             Temple (1/1) D:7            Lair (6/6) D:9
 Shoals (0/4) Lair:3       Spider (0/4) Lair:3
  Slime: Lair:5-6       Orc: D:9-12

Altars:
Ashenzari
Cheibriados
Dithmenos
Elyvilon
Fedhas
Gozag
Hepliaklqana
Kikubaaqudgha
Makhleb
Nemelex Xobeh
Okawaru
Qazlal
Ru
Sif Muna
Trog
Uskayaw
Vehumet
Wu Jian
Xom
Yredelemnul
Zin
The Shining One

Shops:
D:6 ==(

Annotations:
D:6 2 transporters, Ratux's ghost, novice HOMo


Innate Abilities, Weirdness & Mutations

You do not eat or drink.
Your flesh is vulnerable to fire.
You are immune to poison.
Your flesh is cold resistant. (rC+)
You are immune to negative energy. (rN+++)
You are immune to unholy pain and torment.
You can survive without breathing.


Message History

You hear an angry buzzing noise.
Your spectral killer bee misses the meliai.
The meliai barely misses your spectral water moccasin.
The meliai hits your spectral death yak with a +0 hand axe.
The meliai hits your spectral meliai with a +0 hand axe.
The meliai closely misses your spectral killer bee.
The meliai stings your spectral water moccasin!
The killer bee misses your spectral meliai.
The killer bee stings your spectral killer bee but does no damage.
Your spectral meliai closely misses the killer bee.
Your spectral meliai hits the killer bee.
Your spectral killer bee misses the killer bee.
Your spectral water moccasin closely misses the meliai.
The queen bee stings your spectral meliai!
Your spectral meliai is destroyed!
Your spectral killer bee completely misses the killer bee.
The meliai invokes the aid of its god against you.
Something smites you!
You die...
Kikubaaqudgha rasps: "You have failed me!
Welcome... oblivion!"

## #.#### #..#P# #....# ###
##.#.###.## #..ZZ#Z...#
############.#Z.ZZ..#
#####yyZ#ZZ.#..#.#.Z.ZZ.##
..%yyyyZZZZ@Z†...#..ZZ...#
yy%y#.yZZ#.#Z..##........##
% #Z######..########..#.#
#. #### #...Z..### #
#..#...# #.#....# #...#..#
#.#..#.### #.#..#.#.#


You could see a queen bee, a meliai, 4 killer bees, a friendly spectral komodo
dragon, a friendly spectral water moccasin, 3 friendly spectral yaks, a friendly
spectral death yak, 2 friendly spectral killer bees, 3 friendly yak zombies and
a friendly death yak zombie.

Vanquished Creatures
  The ghost of LostNumber the Spear-Bearer, a journeyman NaAr of Okawaru (Lair:2)
  Harold (D:9)
  A hydra (Lair:5)
  Erica (D:8)
  A two-headed ogre (D:9)
  2 orc knights (Bailey)
  Psyche (D:8)
  3 spiny frogs
  A komodo dragon (Lair:4)
  8 blink frogs
  2 dream sheep (Lair:5)
  A hippogriff (D:9)
  A wyvern (Lair:2)
  10 yaks
  Grum (D:9)
  2 basilisks (Lair:2)
  A hungry ghost (D:8)
  Menkaure (D:4)
  4 water moccasins
  5 porcupines
  7 orc warriors
  An ice beast (D:3)
  2 sky beasts
  2 black bears
  3 ogres
  13 wolves
  A crocodile (Lair:1)
  7 centaurs
  A big kobold (D:9)
  8 bullfrogs
  4 scorpions
  An electric eel (Lair:1)
  3 howler monkeys
  2 crimson imps (D:9)
  2 hounds
  A quasit (D:6)
  A jelly (D:5)
  5 orc priests
  9 orc wizards
  2 centaur skeletons
  6 worker ants
  2 hound zombies
  A hound skeleton (D:4)
  2 howler monkey skeletons (D:8)
  3 gnolls
  11 adders
  2 shadow imps (D:6)
  4 oozes
  2 worms
  4 dart slugs
  2 leopard geckos
  39 orcs
  A ball python (D:7)
  9 bats
  3 giant cockroaches
  6 goblins
  6 hobgoblins
  14 jackals
  5 quokkas
  2 frilled lizards
  8 kobolds
  A quokka skeleton (D:8)
  2 rats (D:1)
258 creatures vanquished.

Vanquished Creatures (collateral kills)
  4 hydras
  A catoblepas (Lair:2)
  2 death yaks (Lair:6)
  2 black mambas
  7 spiny frogs
  3 komodo dragons
  A meliai (Lair:6)
  A troll (D:9)
  3 blink frogs
  2 hippogriffs
  A polar bear (Lair:6)
  5 dream sheep (Lair:5)
  Sigmund (D:6)
  10 yaks
  6 water moccasins
  A black bear (Lair:2)
  A wolf (Lair:6)
  A centaur (Lair:3)
  2 crocodiles
  5 bullfrogs
  4 killer bees (Lair:6)
  A howler monkey (D:7)
  A centaur zombie (D:7)
  A hound (D:7)
  A worker ant (D:6)
  A leopard gecko (D:9)
  An orc (D:9)
  A bat (D:1)
  2 bushes
  3 fungi
  7 plants
82 creatures vanquished.

Vanquished Creatures (others)
  An orc wizard (D:8)
  3 fungi
  3 plants (Lair:6)
7 creatures vanquished.

Grand Total: 347 creatures vanquished

Notes
Turn   | Place    | Note
-------+----------+-------------------------------------------
     0 | D:1      | 1994 the Mummy Necromancer began the quest for the Orb.
     0 | D:1      | Reached XP level 1. HP: 13/13 MP: 4/4
    97 | D:1      | Learned a level 1 spell: Animate Skeleton
   102 | D:1      | Reached skill level 3 in Spellcasting
   200 | D:1      | Reached XP level 2. HP: 19/19 MP: 6/6
   827 | D:2      | Reached XP level 3. HP: 24/24 MP: 5/7
   849 | D:2      | Learned a level 3 spell: Vampiric Draining
  1642 | D:3      | Reached XP level 4. HP: 30/30 MP: 5/9
  1699 | D:3      | Reached skill level 4 in Spellcasting
  1710 | D:3      | Noticed an ice beast
  1718 | D:3      | Killed an ice beast
  1718 | D:3      | Reached skill level 5 in Necromancy
  1718 | D:3      | Reached XP level 5. HP: 25/35 MP: 3/12
  1808 | D:3      | Learned a level 4 spell: Animate Dead
  1828 | D:3      | Found a glowing silver altar of Zin.
  1899 | D:3      | Found a shimmering altar of Xom.
  2442 | D:4      | Reached skill level 5 in Spellcasting
  2519 | D:4      | Reached XP level 6. HP: 37/41 MP: 13/13
  2682 | D:4      | Noticed a sky beast
  2717 | D:4      | Killed a sky beast
  2831 | D:4      | Noticed Menkaure
  3333 | D:3      | Reached skill level 6 in Spellcasting
  3498 | D:4      | Reached XP level 7. HP: 21/46 MP: 10/16
  4037 | D:5      | Entered Level 5 of the Dungeon
  4300 | D:5      | Found a sparkling altar of Nemelex Xobeh.
  4300 | D:5      | Found a shadowy altar of Dithmenos.
  4590 | D:5      | Reached skill level 7 in Spellcasting
  5368 | D:6      | Found a transporter.
  5372 | D:6      | Noticed Ratux's ghost (novice HOMo)
  5467 | D:6      | Found Zucapten's Antique Weapon Emporium.
  5482 | D:6      | Reached XP level 8. HP: 52/52 MP: 12/19
  5606 | D:6      | Found Qiodod's Jewellery Boutique.
  5638 | D:6      | Identified the +9 great mace of Efesathri {holy, *Slow
                  | Str+5}
  5638 | D:6      | Noticed a two-headed ogre
  5640 | D:6      | Found a transporter.
  5681 | D:6      | Found a hazy altar of Hepliaklqana.
  5739 | D:6      | Found Huvywutt's Jewellery Emporium.
  5861 | D:6      | Noticed Sigmund
  5868 | D:6      | Killed Sigmund
  6149 | D:6      | Found a basalt altar of Yredelemnul.
  6331 | D:7      | Found a staircase to the Ecumenical Temple.
  6340 | Temple   | Entered the Ecumenical Temple
  6523 | Temple   | Became a worshipper of Kikubaaqudgha
  6680 | D:4      | Killed Menkaure
  6680 | D:4      | Reached skill level 8 in Spellcasting
  6982 | D:7      | Found a sacrificial altar of Ru.
  7075 | D:7      | Reached skill level 5 in Dodging
  7255 | D:7      | Reached skill level 9 in Spellcasting
  7330 | D:7      | Reached XP level 9. HP: 24/57 MP: 13/22
  7489 | D:7      | Found a bloodstained altar of Trog.
  7495 | D:7      | Got a bloodstained dagger
  7545 | D:7      | Identified the +6 dagger of Zueqorr {protect, Int+6} (You
                  | found it on level 7 of the Dungeon)
  8033 | D:8      | Reached * piety under Kikubaaqudgha
  8033 | D:8      | Identified Kikubaaqudgha's Almanac of Necromancy
                  | (Kikubaaqudgha gifted it to you on level 8 of the Dungeon)
  8033 | D:8      | Received a gift from Kikubaaqudgha
  8038 | D:8      | Learned a level 2 spell: Corpse Rot
  8368 | D:8      | Noticed Erica
  8380 | D:8      | Killed Erica
  8380 | D:8      | Reached skill level 10 in Spellcasting
  8781 | D:9      | Noticed a troll
  8781 | D:9      | Noticed a two-headed ogre
  8811 | D:9      | Killed a two-headed ogre
  8811 | D:9      | Reached XP level 10. HP: 32/63 MP: 5/24
  8813 | D:9      | HP: 3/63 [troll (8)]
  8955 | D:9      | Found a burning altar of Makhleb.
  8984 | D:9      | Found a flagged portal.
  8991 | Bailey   | Entered a bailey
  9412 | Bailey   | Noticed an orc knight
  9638 | Bailey   | Killed an orc knight
  9638 | Bailey   | Reached skill level 11 in Spellcasting
  9783 | Bailey   | Got a steaming helmet
  9791 | Bailey   | Identified the +2 helmet "Nacukoit" {*Drain +Inv rPois}
                  | (You found it in a bailey)
  9803 | Bailey   | Noticed an orc knight
  9829 | Bailey   | Killed an orc knight
  9829 | Bailey   | Reached skill level 10 in Necromancy
 10033 | D:6      | Bought the ring of Hoiseepuj {MR++ MP+9 SInv Stlth+} for
                  | 424 gold pieces
 10123 | D:7      | Found a deep blue altar of Sif Muna.
 10232 | D:9      | Found a sacrificial altar of Ru.
 10859 | D:9      | Reached ** piety under Kikubaaqudgha
 10918 | D:9      | Noticed Psyche
 10979 | D:8      | Killed Psyche
 11116 | D:9      | Found a staircase to the Lair.
 11364 | D:9      | Noticed Harold
 11399 | D:9      | Killed Harold
 11399 | D:9      | Reached skill level 12 in Spellcasting
 11399 | D:9      | Reached XP level 11. HP: 41/68 MP: 4/27
 11602 | Lair:1   | Entered Level 1 of the Lair of Beasts
 11602 | Lair:1   | Noticed Grum
 11612 | D:9      | Killed Grum
 12852 | Lair:1   | Reached *** piety under Kikubaaqudgha
 12852 | Lair:1   | Identified Kikubaaqudgha's Collected Works on Black Rituals
                  | (Kikubaaqudgha gifted it to you on level 1 of the Lair of
                  | Beasts)
 12852 | Lair:1   | Received a gift from Kikubaaqudgha
 12982 | Lair:1   | Learned a level 5 spell: Dispel Undead
 12988 | Lair:1   | Learned a level 5 spell: Borgnjor's Vile Clutch
 12995 | Lair:1   | Learned a level 6 spell: Simulacrum
 13624 | Lair:2   | Learned a level 6 spell: Death Channel
 13636 | Lair:2   | Reached skill level 1 in Ice Magic
 13685 | Lair:2   | Noticed LostNumber's ghost (journeyman NaAr)
 13689 | Lair:2   | Found a runed translucent door.
 13721 | Lair:2   | Killed LostNumber's ghost
 13721 | Lair:2   | Reached skill level 13 in Spellcasting
 13721 | Lair:2   | Reached skill level 1 in Earth Magic
 13728 | Lair:2   | Noticed a catoblepas
 13741 | Lair:2   | Killed a catoblepas
 14308 | Lair:3   | Found a staircase to the Shoals.
 14420 | Lair:3   | Found a hole to the Spider Nest.
 14508 | Lair:3   | Noticed a five-headed hydra
 14511 | Lair:3   | Reached XP level 12. HP: 70/74 MP: 21/29
 14518 | Lair:3   | Killed a five-headed hydra
 14520 | Lair:3   | Noticed a five-headed hydra
 14526 | Lair:3   | Killed a five-headed hydra
 15229 | Lair:4   | Noticed a six-headed hydra
 15238 | Lair:4   | Killed a six-headed hydra
 15241 | Lair:4   | Reached **** piety under Kikubaaqudgha
 16407 | Lair:5   | Noticed a five-headed hydra
 16417 | Lair:5   | Killed a five-headed hydra
 16844 | Lair:5   | Noticed a seven-headed hydra
 16883 | Lair:5   | Killed a seven-headed hydra
 16938 | Lair:5   | Reached skill level 1 in Evocations
 17147 | Lair:6   | Entered Level 6 of the Lair of Beasts
 17164 | Lair:6   | Noticed a death yak
 17165 | Lair:6   | Noticed a death yak
 17186 | Lair:6   | Killed a death yak
 17196 | Lair:6   | Killed a death yak
 17196 | Lair:6   | Reached skill level 14 in Spellcasting
 17348 | Lair:6   | Killed from afar by a meliai

Skill      XL: |  1  2  3  4  5  6  7  8  9 10 11 12 |
---------------+-------------------------------------+-----
Spellcasting   | 3 4 5 6 7 9 10 12 13 14 | 14.0
Stealth        | 2 |  2.0
Dodging        | 2 3 5 6 7 9 |  9.7
Necromancy     | 5 6 7 8 9 10 11 12 | 12.5
Ice Magic      | 2 4 |  4.3
Earth Magic    | 1 2 |  2.0
Evocations     | 1 |  1.5

Action                   |  1- 3 |  4- 6 |  7- 9 | 10-12 || total
-------------------------+-------+-------+-------+-------++-------
Melee: Whip              |    28 |    80 |    62 |     5 ||   175
       Dagger            |       |       |   125 |   118 ||   243
       Staff             |       |       |       |    40 ||    40
 Cast: Pain              |    50 |    35 |   175 |   375 ||   635
       Animate Skeleton  |     1 |       |     1 |     3 ||     5
       Vampiric Draining |       |     7 |    31 |    89 ||   127
       Animate Dead      |       |       |     8 |     9 ||    17
       Corpse Rot        |       |       |       |     6 ||     6
       Death Channel     |       |       |       |    21 ||    21
       Dispel Undead     |       |       |       |     4 ||     4
       Simulacrum        |       |       |       |     2 ||     2
Invok: Receive Corpses   |       |       |     1 |     1 ||     2
 Abil: Evoke Invisibilit |       |       |       |     1 ||     1
Evoke: Wand              |       |       |     1 |       ||     1
       Staff of energy   |       |       |       |    17 ||    17
  Use: Scroll            |       |       |     7 |     7 ||    14
 Stab: Sleeping          |     1 |     2 |     2 |     1 ||     6
       Distracted        |       |       |       |     1 ||     1
Armor: Leather armour    |    16 |    37 |    74 |   107 ||   234
       Robe              |       |       |    18 |     2 ||    20
Dodge: Dodged            |    25 |    69 |   199 |   349 ||   642
Block: Other             |       |       |    41 |    88 ||   129
       Reflection        |       |       |     3 |     1 ||     4
